 Dungeon Crawl Stone Soup version 0.31-a0-1300-gb6740aa4e6 (webtiles) character file.

Game seed: 2895082780083883836

2 holymoly the Ducker (level 1, 0/18 HPs)
             Began as a Human Monk on Dec 18, 2023.
             Slain by a jackal (3 damage)
             ... on level 1 of the Dungeon.
             The game lasted 00:00:51 (73 turns).

holymoly the Ducker (Human Monk)                      Turns: 73, Time: 00:00:51

Health: 0/18       AC:  2    Str: 11    XL:     1   Next: 40%
Magic:  1/1        EV: 13    Int: 10    God:
Gold:   7          SH:  0    Dex: 15    Spells: 0/0 levels left

rFire   . . .        a - +0 spear
rCold   . . .        d - orb {light}
rNeg    . . .        b - +0 robe
rPois   .            (no helmet)
rElec   .            (no cloak)
rCorr   .            (no gloves)
SInv    .            (no boots)
Will    .....        (no amulet)
Stlth   +            (no ring)
HPRegen 0.23/turn    (no ring)
MPRegen 0.07/turn

%: no passive effects
@: glowing
A: explore regen
a: no special abilities


You were on level 1 of the Dungeon.
You visited 1 branch of the dungeon, and saw 1 of its levels.

You collected 7 gold pieces.

Inventory:

Hand Weapons
 a - a +0 spear (weapon)
Armour
 b - a +0 robe (worn)
 d - an orb of light (worn)
Jewellery
 e - a ring of ice
Potions
 c - a potion of ambrosia


   Skills:
 + Level 3.0 Fighting
 + Level 3.0 Polearms
 + Level 3.0 Dodging


You couldn't memorise any spells.
You didn't know any spells.
Your spell library was empty.

Dungeon Overview and Level Annotations

Branches:
Dungeon (1/15)

Altars:


Innate Abilities, Weirdness & Mutations

You regain HP and MP as you explore.


Message History

The endoplasm attacks as it pursues you!
The endoplasm closely misses you.
A kobold comes into view. It is wielding a +0 club.
The kobold shouts!
The jackal attacks as it pursues you! The jackal bites you.
The endoplasm attacks as it pursues you!
The endoplasm misses you. The jackal barely misses you.
The endoplasm attacks as it pursues you!
The endoplasm barely misses you. The jackal attacks as it pursues you!
The jackal bites you but does no damage.
The jackal attacks as it pursues you! The jackal closely misses you.
The jackal attacks as it pursues you! The jackal misses you.
The jackal bites you. x2
You closely miss the jackal. The jackal bites you. The jackal misses you.
You hit the jackal.
The jackal is almost dead.
The jackal barely misses you.
The jackal bites you but does no damage.
The endoplasm completely misses you. The jackal barely misses you.
The jackal bites you but does no damage.
You hit the jackal.
The jackal is lightly wounded.
The jackal bites you. x2
The endoplasm hits you but does no damage.
The jackal bites you but does no damage.
The jackal barely misses you.
You hit the jackal.
The jackal is heavily wounded.
The jackal closely misses you. x2
The endoplasm freezes you.
You are frozen.
* * * LOW HITPOINT WARNING * * *
The jackal bites you.
* * * LOW HITPOINT WARNING * * *
The jackal barely misses you.
You hit the jackal.
The jackal is moderately wounded.
The jackal closely misses you. x2; The jackal bites you.
You die...

..... .. ###...# #.#
#...#.########.#
##......#.....#.#
................#
#...............#
......(.........##
...............hh###
#.............Kh@..#
#.......#.....#J##.##
#.......##...##.....#
##......###.###.....#
##..#### #.# ####..#
#...## #.# ##...#
#....####.####....#
####.......<.......##
..##...####.####...#


You could see an endoplasm, 3 jackals and a kobold.

Vanquished Creatures
  A ball python (D:1)
  An endoplasm (D:1)
2 creatures vanquished.

Notes
Turn   | Place    | Note
-------+----------+-------------------------------------------
     0 | D:1      | holymoly the Human Monk began the quest for the Orb.
     0 | D:1      | Reached XP level 1. HP: 18/18 MP: 1/1
    73 | D:1      | Slain by a jackal

Illustrated notes

Levels and vault maps discovered:
D:1:      roderic_crossed_star, layout_rooms, ebering_ecumenical_altar_abandoned

Action                     || total
---------------------------++-------
  Melee: Spear             ||    11
 Armour: Robe              ||    18
  Dodge: Dodged            ||    35

Table legend: (Time is in decaauts)
 A = Elapsed time spent in this place.
 B = Non-inter-level travel time spent in this place.
 C = Inter-level travel time spent in this place.
 D = Time resting spent in this place.
 E = Time spent auto-exploring this place.
 F = Levels seen in this place.
 G = Mean time per level.
                   A        B        C        D        E       F      G
               +--------+--------+--------+--------+--------+-----+--------+
         Total |     72 |     45 |     27 |      0 |      0 |   1 |   72.0 |
       Dungeon |     72 |     45 |     27 |      0 |      0 |   1 |   72.0 |
               +--------+--------+--------+--------+--------+-----+--------+

Top non-repeatable levels by time:
     D:1: 72 daAuts
